 Dungeon Crawl Stone Soup version 0.23-a0-586-gacb4b3f4ce (webtiles) character file.

213 Bestweed the Changer (level 5, -4/33 HPs)
             Began as an Octopode Transmuter on Dec 19, 2018.
             Slain by a goblin (6 damage)
             ... led by Robin
             ... on level 3 of the Dungeon.
             The game lasted 00:09:46 (5341 turns).

Bestweed the Changer (Octopode Transmuter)          Turns: 5341, Time: 00:09:47

Health: -4/33      AC:  1    Str:  9    XL:     5   Next: 90%
Magic:  8/8        EV: 13    Int: 16    God:
Gold:   146        SH:  0    Dex: 13    Spells: 2/8 levels left

rFire    . . .     SeeInvis .     - Unarmed
rCold    . . .     Gourm    .   (no shield)
rNeg     . . .     Faith    .   (helmet restricted)
rPois    .         Spirit   .   (no amulet)
rElec    .         Reflect  .   (no ring)
rCorr    .         Harm     .   (no ring)
MR       .....                  (no ring)
Stlth    +++.......             (no ring)
HPRegen  0.11/turn              (no ring)
MPRegen  0.11/turn              (no ring)
                                (no ring)
                                (no ring)

@: lethally poisoned (-4 -> -15), very slightly contaminated
A: almost no armour, stealthy swim, amphibious, 8 rings, constrict 8, camouflage
1, gelatinous body 1
a: no special abilities


You were on level 3 of the Dungeon.
You were not hungry.

You visited 1 branch of the dungeon, and saw 4 of its levels.

You collected 146 gold pieces.

Inventory:

Hand Weapons
 e - a +0 blowgun
Missiles
 a - 45 arrows
 t - 6 poisoned needles
Scrolls
 b - a scroll of remove curse {unknown}
 d - a scroll of blinking {unknown}
 f - 10 scrolls of identify
 i - 2 scrolls of amnesia {unknown}
 l - a scroll of teleportation
 n - a scroll of immolation {unknown}
 o - 2 scrolls of magic mapping {unknown}
 p - a scroll of noise {unknown}
 q - a scroll of fog {unknown}
Potions
 g - a potion of degeneration {unknown}
 h - a potion of agility {unknown}
 j - 2 potions of resistance {unknown}
 k - a potion of invisibility
 m - 2 potions of cancellation {unknown}
 r - a potion of heal wounds {unknown}
Comestibles
 c - 3 rations


   Skills:
 - Level 1.0 Fighting
 - Level 2.0 Dodging
 + Level 3.7 Stealth
 + Level 4.0 Unarmed Combat
 - Level 2.0 Spellcasting
 * Level 4.4 Transmutations


You had 2 spell levels left.
You knew the following spells:

 Your Spells              Type           Power        Failure   Level  Hunger
a - Beastly Appendage     Tmut           ###...       3%          1    #......
b - Sticks to Snakes      Tmut           ###.....     4%          2    ###....
c - Spider Form           Tmut/Pois      #.........   26%         3    ###....

Your spell library contained the following spells:

 Spells                   Type           Power        Failure   Level  Hunger
 Ice Form                 Ice/Tmut       #.......     63%         4    #####..
 Blade Hands              Tmut           ###.......   67%         5    ######.


Dungeon Overview and Level Annotations

Branches:
Dungeon (4/15)
 Temple: D:4-7

Altars:

Annotations:
D:4 Robin


Innate Abilities, Weirdness & Mutations

You cannot wear most types of armour.
You are very stealthy in the water. (Stealth+)
You are amphibious.
You can wear up to eight rings at the same time.
You can use your tentacles to constrict eight enemies at once.
Your skin changes colour to match your surroundings (Stealth+).
Your rubbery body absorbs attacks. (AC +1, EV +1)


Message History

The goblin goes into a battle-frenzy!
The goblin barely misses you. x2
You climb upwards.
* * * LOW HITPOINT WARNING * * *
You feel sick.
There is a stone staircase leading down here.
Your tentacle spike disappears.
* * * LOW HITPOINT WARNING * * *
You feel sick.
You barely miss the goblin. Your grab misses the goblin.
You squeeze the goblin.
The goblin is moderately wounded.
* * * LOW HITPOINT WARNING * * *
You feel sick. The goblin closely misses you. x2
You tentacle-slap the goblin. You grab the goblin.
The goblin is heavily wounded.
You constrict the goblin.
* * * LOW HITPOINT WARNING * * *
You feel sick. The goblin hits you.
You die...

######..# #.# ........# #.#
#######.####### #.# #.......#
#.## #.#####.# #..# #.#
#.##########.# ### #.#
##............# ..#####.#
#...>g....###.#
#.......####...g@....###.########
#######.....................).)(.
......#.##.#.........###.#.#####(
..###.#..................#.# #.#
.....................#####.# ##.
..###)##.............# #.# ##
.....<....)..........# #.# #
..###.##.............# #.# # ..#
#.#..........##### #.# #


You could see 2 goblins.

Vanquished Creatures
  2 orc priests
  A gnoll (D:1)
  6 adders
  5 worms
  2 dart slugs
  An orc (D:2)
  9 bats
  5 giant cockroaches
  7 goblins
  9 hobgoblins
  8 jackals
  3 quokkas
  2 ball pythons
  8 frilled lizards
  7 kobolds
  3 rats
78 creatures vanquished.

Vanquished Creatures (collateral kills)
  An orc (D:3)
1 creature vanquished.

Grand Total: 79 creatures vanquished

Notes
Turn   | Place    | Note
-------+----------+-------------------------------------------
     0 | D:1      | Bestweed the Octopode Transmuter began the quest for the
                  | Orb.
     0 | D:1      | Reached XP level 1. HP: 13/13 MP: 3/3
   259 | D:1      | Reached skill level 1 in Stealth
   259 | D:1      | Reached XP level 2. HP: 18/18 MP: 5/5
   270 | D:1      | Learned a level 2 spell: Sticks to Snakes
   900 | D:1      | Reached XP level 3. HP: 23/23 MP: 4/6
  1394 | D:2      | Reached XP level 4. HP: 22/28 MP: 5/7
  1558 | D:2      | Learned a level 3 spell: Spider Form
  3351 | D:3      | Reached XP level 5. HP: 32/33 MP: 8/8
  5321 | D:4      | Noticed Robin
  5341 | D:3      | Slain by a goblin

Vault maps used:
D:1:      minmay_arrival_four_circles
D:4:      uniq_robin

Skill      XL: |  1  2  3  4  5 |
---------------+----------------+-----
Stealth        | 1 2 3 |  3.7
Transmutations | 3 4 |  4.4
Unarmed Combat | 4 |  4.0
Fighting       | |  1.0
Dodging        | |  2.0
Spellcasting   | |  2.0

Action                   |  1- 3 |  4- 6 || total
-------------------------+-------+-------++-------
Melee: Unarmed           |    55 |   138 ||   193
       Constrict         |    14 |    38 ||    52
       Tentacles         |     7 |    25 ||    32
       Kick              |     3 |    17 ||    20
       Punch             |     1 |     3 ||     4
 Cast: Beastly Appendage |    13 |    16 ||    29
       Sticks to Snakes  |     1 |     2 ||     3
       Spider Form       |       |     1 ||     1
  Use: Scroll            |     2 |       ||     2
       Potion            |       |     2 ||     2
 Stab: Sleeping          |     5 |     7 ||    12
  Eat: Chunk             |     2 |     9 ||    11
       Ration            |       |     1 ||     1
Armor: Skin              |     4 |    14 ||    18
Dodge: Dodged            |    28 |   113 ||   141

Table legend:
 A = Non-vault XP
 B = Vault XP
 C = Vault XP percentage of total XP
 D = Non-vault monster count
 E = Vault monster count
 F = Vault count percentage of total count
                 A         B        C        D         E       F
            +---------+---------+-------+---------+---------+-------
      Total |     298 |       7 |   2.3 |      75 |       4 |   5.1
            +---------+---------+-------+---------+---------+-------
        D:1 |      38 |       0 |   0.0 |      18 |       0 |   0.0
        D:2 |     146 |       0 |   0.0 |      28 |       0 |   0.0
        D:3 |     114 |       0 |   0.0 |      29 |       0 |   0.0
        D:4 |       0 |       7 | 100.0 |       0 |       4 | 100.0
            +---------+---------+-------+---------+---------+-------
